 Dungeon Sprint DCSS version 0.21-a0-201-g8501b10 (webtiles) character file.

26 Kidiri the Magician (level 2, -3/16 HPs)
             Began as a Deep Elf Fire Elementalist on Aug 18, 2017.
             Was a Believer of Vehumet.
             Killed from afar by Sigmund (9 damage)
             ... with a puff of flame
             ... in the Dungeon (Sprint VII: "The Pits").
             The game lasted 00:01:35 (283 turns).

Kidiri the Magician (Deep Elf Fire Elementalist)     Turns: 283, Time: 00:01:36

Health: -3/16      AC:  2    Str:  5    XL:     2   Next: 89%
Magic:  5/10       EV: 14    Int: 19    God:    Vehumet [**....]
Gold:   0          SH:  0    Dex: 15    Spells: 8/11 levels left

rFire    . . .     SeeInvis .   k - +2 dagger
rCold    . . .     Gourm    .   (no shield)
rNeg     . . .     Faith    .   a - +0 robe
rPois    .         Spirit   .   (no helmet)
rElec    .         Reflect  .   (no cloak)
rCorr    .         Harm     .   (no gloves)
MR       .....     NoTele   +   (no boots)
Stlth    ++........             (no amulet)
HPRegen  0.05/turn              (no ring)
MPRegen  0.12/turn              (no ring)

@: no status effects
A: no striking features
a: Renounce Religion


You were in the Dungeon.
You worshipped Vehumet.
Vehumet was pleased with you.
You were not hungry.

You visited 1 branch

Inventory:

Hand Weapons
 k - a +2 dagger (weapon)
Armour
 a - a +0 robe (worn)
Scrolls
 i - a scroll of blinking
 m - 3 scrolls of remove curse
 n - 5 scrolls of amnesia
 o - a scroll of summoning
Potions
 d - a potion of curing
 e - a potion of heal wounds
 f - a potion of haste
 g - 4 potions of magic
 h - 3 potions of berserk rage
 l - 2 potions of invisibility
Books
 b - a book of Flames

   Spells                             Type                      Level
   a - Flame Tongue                   Conjuration/Fire             1
   b - Throw Flame                    Conjuration/Fire             2
   c - Conjure Flame                  Conjuration/Fire             3
   d - Inner Flame                    Hexes/Fire                   3
   e - Sticky Flame                   Conjuration/Fire             4
   f - Fireball                       Conjuration/Fire             5
Comestibles
 c - 8 bread rations
 j - 7 chunks of flesh
 p - 40 fruits
 q - 7 meat rations


   Skills:
 + Level 1.2 Fighting
 + Level 1.3 Short Blades
 + Level 1.1 Armour
 + Level 3.6 Dodging
 - Level 2.4 Stealth
 * Level 5.2 Spellcasting
 + Level 2.1 Conjurations
 + Level 4.0 Fire Magic


You had 8 spell levels left.
You knew the following spells:

 Your Spells              Type           Power        Failure   Level  Hunger
a - Flame Tongue          Conj/Fire      ###..        3%          1    None
b - Throw Flame           Conj/Fire      ###...       4%          2    #......


Dungeon Overview and Level Annotations

Branches:
Dungeon (1/1)

Altars:
Ashenzari
Cheibriados
Dithmenos
Elyvilon
Fedhas
Gozag
Hepliaklqana
Kikubaaqudgha
Makhleb
Nemelex Xobeh
Okawaru
Qazlal
Ru
Sif Muna
Trog
Uskayaw
Vehumet
Wu Jian
Xom
Yredelemnul
Zin
The Shining One
Beogh
Jiyva
Lugonu

Annotations:
D Sigmund


Message History

Aiming: Flame Tongue
Press: ? - help, Shift-Dir - straight line
Okay, then.
Unknown command.
Okay, then.
Casting: Flame Tongue
Confirm with . or Enter, or press ? or * to list all spells.
Okay, then.
Unknown command.
Okay, then.
Unknown command.
Casting: Flame Tongue
Confirm with . or Enter, or press ? or * to list all spells.
Aiming: Flame Tongue
Press: ? - help, Shift-Dir - straight line You hear some strange, mumbled words.
A puff of flame appears from out of thin air!
The puff of flame hits you!
Ouch! That really hurt!
You die...

#_________.#
#_______...###########++
##########+##...........
#.?(.+)))+.##......#..#.
##########.##...........
#..........÷'...........
#+#####÷#####......#..#.
#..#...'.##...........
#..#...#@#####+#####++
#..#####.##.......#
#..'...#÷##.......#
#..'...'.##.......#
#..########...<...# #..
#.......# #.. #.......#
### #.......# #########


There were no monsters in sight!

Vanquished Creatures
  An adder (D)
  An ooze (D)
  2 adder zombies (D)
  2 hobgoblins (D)
  A ball python zombie (D)
  A bat (D)
8 creatures vanquished.

Notes
Turn   | Place    | Note
-------+----------+-------------------------------------------
     0 | D        | Kidiri the Deep Elf Fire Elementalist began the quest for the Orb.
     0 | D        | Reached XP level 1. HP: 10/10 MP: 6/6
    52 | D        | Found a bloodstained altar of Trog.
    52 | D        | Found a deep blue altar of Sif Muna.
    52 | D        | Found a viscous altar of Jiyva.
    52 | D        | Found a hazy altar of Hepliaklqana.
    52 | D        | Found an opulent altar of Gozag.
    53 | D        | Found a glowing golden altar of the Shining One.
    53 | D        | Found a glowing silver altar of Zin.
    53 | D        | Found a basalt altar of Yredelemnul.
    53 | D        | Found a shimmering altar of Xom.
    53 | D        | Found an ornate altar of the Wu Jian Council.
    53 | D        | Found a sacrificial altar of Ru.
    53 | D        | Found a stormy altar of Qazlal.
    53 | D        | Found an iron altar of Okawaru.
    53 | D        | Found a sparkling altar of Nemelex Xobeh.
    53 | D        | Found a burning altar of Makhleb.
    53 | D        | Found a blossoming altar of Fedhas.
    53 | D        | Found a white marble altar of Elyvilon.
    53 | D        | Found a shadowy altar of Dithmenos.
    53 | D        | Found a snail-covered altar of Cheibriados.
    55 | D        | Found a radiant altar of Vehumet.
    55 | D        | Found a corrupted altar of Lugonu.
    55 | D        | Found a roughly hewn altar of Beogh.
    56 | D        | Found a hide-covered altar of Uskayaw.
    56 | D        | Found an ancient bone altar of Kikubaaqudgha.
    56 | D        | Found a shattered altar of Ashenzari.
    63 | D        | Became a worshipper of Vehumet
   113 | D        | Reached * piety under Vehumet
   113 | D        | Offered knowledge of Sandblast by Vehumet.
   113 | D        | Reached skill level 4 in Spellcasting
   113 | D        | Reached XP level 2. HP: 16/16 MP: 6/9
   116 | D        | Reached skill level 1 in Fighting
   116 | D        | Reached skill level 1 in Short Blades
   116 | D        | Reached skill level 1 in Armour
   120 | D        | Learned a level 2 spell: Throw Flame
   219 | D        | Reached ** piety under Vehumet
   219 | D        | Reached skill level 5 in Spellcasting
   268 | D        | Noticed Sigmund
   283 | D        | Killed from afar by Sigmund

Vault maps used:
D:        pitsprint

Skill      XL: |  1  2 |
---------------+-------+-----
Dodging        | 3 |  3.6
Spellcasting   | 4 5 |  5.2
Fighting       | 1 |  1.2
Short Blades   | 1 |  1.3
Armour         | 1 |  1.1
Conjurations   | 2 |  2.1
Fire Magic     | 4 |  4.0
Stealth        | |  2.4

Action                   || total
-------------------------++-------
 Cast: Flame Tongue      ||    21
       Throw Flame       ||     1
Armor: Robe              ||     3
Dodge: Dodged            ||     5
